 Dungeon Crawl Stone Soup version 0.19-a0-1831-gd4c818f (webtiles) character file.

16853 Athtar123 the Black Belt (level 12, 0/105 HPs)
             Began as a Yellow Draconian Monk on Oct 8, 2016.
             Was an Elder of Nemelex Xobeh.
             Slain by a porcupine (6 damage)
             ... on level 3 of the Lair of Beasts.
             The game lasted 00:32:49 (15328 turns).

Athtar123 the Black Belt (Yellow Draconian Monk)   Turns: 15328, Time: 00:32:49

Health: 0/105      AC: 12    Str: 17    XL:     12   Next: 13%
Magic:  18/18      EV: 13    Int: 16    God:    Nemelex Xobeh [****..]
Gold:   654        SH:  0    Dex: 18    Spells: 0 memorised, 11 levels left

rFire  . . .     SeeInvis .       - Unarmed
rCold  + . .     Gourm    .     (armour unavailable)
rNeg   . . .     Faith    .     (no shield)
rPois  .         Spirit   .     (helmet restricted)
rElec  .         Dismiss  +     u - +0 cloak {+Inv}
rCorr  +         Reflect  .     (no gloves)
MR     .....     Harm     .     g - +2 pair of boots
Stlth  ++........               X - amulet of dismissal
                                F - +4 ring of strength
                                K - ring of Joehybbong {rC+ Int+4}

@: flying
A: spit acid, acid resistance, unfitting armour, big wings, cold-blooded, AC +8
a: Spit Acid, Stop Flying, Triple Draw, Deal Four, Renounce Religion, Evoke
Invisibility


You were on level 3 of the Lair of Beasts.
You worshipped Nemelex Xobeh.
Nemelex Xobeh was greatly pleased with you.
You were not hungry.

You visited 2 branches of the dungeon, and saw 14 of its levels.
You also visited: Sewer.

You collected 1268 gold pieces.
You spent 614 gold pieces at shops.

Inventory:

Missiles
 i - 15 tomahawks (quivered)
 v - 5 javelins
 P - 5 silver javelins
Armour
 g - a +2 pair of boots (worn)
 u - a +0 cloak of invisibility (worn)
Jewellery
 j - an uncursed amulet of regeneration
 p - an uncursed ring of protection from fire
 r - an uncursed ring of protection from fire
 E - an uncursed amulet of faith
 F - a +4 ring of strength (right hand)
 K - the ring of Joehybbong (left hand) {rC+ Int+4}
   (You bought it in a shop on level 8 of the Dungeon)

   [ring of protection from cold]

   It affects your intelligence (+4).
   It protects you from cold.
 X - an amulet of dismissal (around neck)
Wands
 b - a wand of acid (6/15)
 e - a wand of lightning (5/15)
 C - a wand of acid (5/15)
 J - a wand of flame (35/48)
 L - a wand of confusion (9/48)
 M - a wand of flame (21/48)
 V - a wand of lightning (3/15)
Scrolls
 d - 9 scrolls of teleportation
 h - 2 scrolls of remove curse
 t - a scroll of fog
 w - 2 scrolls of magic mapping
 x - 2 scrolls of amnesia
 y - 2 scrolls of blinking
 H - 2 scrolls of identify
 U - 2 scrolls of recharging
Potions
 c - 2 potions of heal wounds
 f - 5 potions of curing
 k - a potion of magic
 m - 2 potions of haste
 n - 2 potions of lignification
 z - 3 potions of flight
 B - 3 potions of agility
 O - a potion of might
Miscellaneous
 G - a plain deck of summoning {drawn: 8}
 I - a legendary deck of destruction {drawn: 8}
 N - a plain deck of summoning
 S - an ornate deck of summoning {drawn: 3}
 T - a legendary deck of destruction {drawn: 1}
 Y - an ornate deck of destruction {drawn: 4}
 Z - a plain deck of escape {drawn: 2}
Comestibles
 a - 5 bread rations
 l - 8 fruits
 o - 5 meat rations
 q - 8 chunks of flesh
 A - 2 beef jerkies


   Skills:
 + Level 9.6 Fighting
 - Level 2.6 Dodging
 - Level 1.7 Stealth
 + Level 15.7 Unarmed Combat
 - Level 9.0 Invocations


You had 11 spell levels left.
You didn't know any spells.

Dungeon Overview and Level Annotations

Branches:
Dungeon (11/15)            Temple (0/1) D:5            Lair (3/6) D:10
    Orc (0/2) D:9
  Swamp: Lair:2-4    Shoals: Lair:2-4     Snake: Lair:2-4    Spider: Lair:2-4

Altars:
Fedhas
Gozag
Makhleb
Nemelex Xobeh
Okawaru
Sif Muna
Vehumet
Yredelemnul
Beogh

Shops:
D:8 *   D:10 :

Annotations:
D:8 exclusion: ice statue


Innate Abilities, Weirdness & Mutations

You can spit globs of acid.
You are resistant to acid.
Your golden yellow scales are hard. (AC +8)
You cannot fit into any form of body armour.
You are cold-blooded and may be slowed by cold attacks.
Your large and strong wings let you fly indefinitely.


Message History

The porcupine bites you but does no damage.
You are struck by the porcupine's spines.
* * * LOW HITPOINT WARNING * * *
You barely miss the porcupine.
The porcupine is severely wounded.
The porcupine bites you.
* * * LOW HITPOINT WARNING * * *
You closely miss the porcupine.
The porcupine is severely wounded.
The porcupine bites you!
* * * LOW HITPOINT WARNING * * *
Evoke which item? (* to show all) (? for menu, Esc to quit)
You draw a card...
It is Pain.
You have drawn Pain.
Press: ? - help, Shift-Dir - straight line, f - porcupine
Aim: a porcupine (severely wounded)
The bolt of negative energy misses the porcupine.
The porcupine bites you.
You die...
Your body glows slightly and disappears.

..........††...................
.............÷%(..P..#.##..##..
......#.#+###.......#.#..##..#
#.....###. ##.....#.#.##..##.#
###...# #..##.......#.## ###(#..
#..Y# #..........#.#######.#...
.##.Y(# ...#.....).#.##..##.#....
#≈§...# #. ###......#..##..#.....
≈§§§..###.+ ##..@.P..##..##...#..
§§§§≈.##.#.##...)r...............
.§§§..#.#...##...................
≈≈≈≈......................##..##.
...≈.....................#..##..#
..<.....................#.##..##.
........................#.######.
......................P..#.####.#
........†........#.#.##.#.


You could see a porcupine.

Vanquished Creatures
  A hydra (Lair:3)
  Nergalle (D:10)
  A swamp dragon (D:10)
  A hill giant (D:10)
  The ghost of Anmu the Blocker, a novice FoFi (D:7)
  2 spiny frogs (Lair:1)
  2 komodo dragons
  2 rime drakes
  A troll (D:8)
  6 hippogriffs
  Sigmund (D:2)
  3 spriggans
  5 yaks
  Eustachio (D:4)
  A hungry ghost (D:8)
  A steam dragon (D:7)
  2 insubstantial wisps (D:8)
  7 water moccasins
  3 porcupines
  7 orc warriors
  4 sky beasts
  A black bear (D:8)
  3 ice beasts
  A necrophage (D:9)
  2 ogres
  5 wolves
  6 centaurs
  4 crocodiles
  2 big kobolds
  A gnoll sergeant (D:9)
  10 bullfrogs
  An elf zombie (D:7)
  A wyvern skeleton (D:7)
  A scorpion (D:6)
  10 killer bees
  6 wights (D:7)
  A howler monkey (D:4)
  An electric eel (Lair:1)
  5 crimson imps
  A jelly (D:8)
  11 orc priests
  A centaur skeleton (D:7)
  3 human zombies (D:7)
  Crazy Yiuf (D:3)
  5 hounds
  5 worker ants
  Ijyb (D:2)
  Natasha (thrice) (D:2)
  Terence (D:2)
  4 orc wizards
  2 iguanas
  3 human skeletons (D:7)
  A hound zombie (D:6)
  2 mummies (D:7)
  Robin (D:2)
  7 gnolls
  2 river rats (Sewer)
  7 adders
  3 shadow imps
  5 oozes
  An adder skeleton (D:6)
  10 worms
  3 dart slugs
  10 leopard geckos
  71 orcs
  7 ball pythons
  9 giant cockroaches
  9 goblins
  6 hobgoblins
  4 jackals (D:8)
  6 quokkas
  10 bats
  8 frilled lizards
  22 kobolds
  An orc zombie (D:7)
  A quokka skeleton (D:5)
  14 rats
375 creatures vanquished.

Vanquished Creatures (collateral kills)
  A hydra (Lair:2)
  Psyche (D:10)
  A spiny frog (Lair:1)
  A polar bear (Lair:3)
  A hippogriff (Lair:3)
  8 yaks
  3 wolves (Lair:3)
  A black bear (Lair:3)
  A killer bee (Lair:3)
  6 gnolls
  4 orcs (D:9)
28 creatures vanquished.

Vanquished Creatures (others)
  A hippogriff (Lair:2)
  An orc warrior (D:8)
  A crocodile (Lair:2)
  2 killer bees (Lair:2)
  4 orcs (D:8)
  A fungus (Lair:3)
10 creatures vanquished.

Grand Total: 413 creatures vanquished

Notes
Turn   | Place    | Note
-------+----------+-------------------------------------------
     0 | D:1      | Athtar123 the Draconian Monk began the quest for the Orb.
     0 | D:1      | Reached XP level 1. HP: 19/19 MP: 1/1
   109 | D:1      | Reached XP level 2. HP: 21/26 MP: 2/2
   397 | D:1      | Reached skill level 4 in Unarmed Combat
   585 | D:1      | Reached XP level 3. HP: 31/31 MP: 3/3
   804 | D:2      | Noticed Robin
   988 | D:2      | Killed Robin
  1116 | D:2      | Reached skill level 5 in Unarmed Combat
  1116 | D:2      | Reached XP level 4. HP: 36/38 MP: 4/4
  1166 | D:2      | Noticed Ijyb
  1184 | D:2      | Killed Ijyb
  1208 | D:2      | Found a sparkling altar of Nemelex Xobeh.
  1209 | D:2      | Found an opulent altar of Gozag.
  1300 | D:2      | Noticed Sigmund
  1686 | D:3      | Found a glowing drain.
  1726 | Sewer    | Entered a sewer
  1805 | Sewer    | Reached XP level 5. HP: 43/45 MP: 5/5
  1983 | Sewer    | Reached skill level 6 in Unarmed Combat
  2347 | Sewer    | Reached XP level 6. HP: 46/51 MP: 6/6
  2506 | D:3      | Reached skill level 7 in Unarmed Combat
  2847 | D:3      | Found a sparkling altar of Nemelex Xobeh.
  2959 | D:3      | Became a worshipper of Nemelex Xobeh the Trickster
  2959 | D:3      | Received a gift from Nemelex Xobeh
  2959 | D:3      | Reached * piety under Nemelex Xobeh
  2959 | D:3      | Reached ** piety under Nemelex Xobeh
  2989 | D:2      | Noticed Natasha
  2998 | D:2      | Killed Natasha
  3018 | D:2      | Noticed Natasha
  3029 | D:2      | Killed Natasha
  3083 | D:2      | Noticed Terence
  3098 | D:2      | Killed Terence
  3098 | D:2      | Reached skill level 1 in Invocations
  3098 | D:2      | Your scales start taking on a golden yellow colour.
  3098 | D:2      | Reached XP level 7. HP: 57/57 MP: 7/7
  3136 | D:2      | Killed Sigmund
  3136 | D:2      | Reached skill level 8 in Unarmed Combat
  3330 | D:2      | Noticed Natasha
  3335 | D:2      | Killed Natasha
  3502 | D:3      | Found a runed door.
  3727 | D:3      | Noticed Crazy Yiuf
  3732 | D:3      | Killed Crazy Yiuf
  3861 | D:4      | Received a gift from Nemelex Xobeh
  3939 | D:4      | Found a burning altar of Makhleb.
  4244 | D:5      | Entered Level 5 of the Dungeon
  4275 | D:5      | Noticed Eustachio
  4347 | D:4      | Reached XP level 8. HP: 50/63 MP: 11/11
  4394 | D:4      | Killed Eustachio
  4394 | D:4      | Reached skill level 9 in Unarmed Combat
  4474 | D:5      | Reached skill level 5 in Invocations
  4679 | D:5      | Found a staircase to the Ecumenical Temple.
  4982 | D:6      | Reached skill level 10 in Unarmed Combat
  5159 | D:6      | Found an iron altar of Okawaru.
  5159 | D:6      | Received a gift from Nemelex Xobeh
  5216 | D:6      | Reached XP level 9. HP: 66/70 MP: 14/14
  5488 | D:6      | Reached *** piety under Nemelex Xobeh
  5890 | D:7      | Noticed Anmu's ghost (novice FoFi)
  5909 | D:7      | Killed Anmu's ghost
  5909 | D:7      | Reached skill level 11 in Unarmed Combat
  5920 | D:7      | Found a deep blue altar of Sif Muna.
  5942 | D:7      | Found a radiant altar of Vehumet.
  6426 | D:7      | Found a basalt altar of Yredelemnul.
  6444 | D:7      | Reached skill level 12 in Unarmed Combat
  6572 | D:8      | Identified a +0 rod of clouds (12/12) (You found it on level 7 of the Dungeon)
  6599 | D:7      | Gained mutation: Your large and strong wings let you fly indefinitely. [potion of beneficial mutation]
  6690 | D:8      | Reached XP level 10. HP: 74/77 MP: 15/15
  6738 | D:8      | Reached skill level 13 in Unarmed Combat
  6846 | D:8      | Noticed an ice statue
  6981 | D:8      | Found a blossoming altar of Fedhas.
  7246 | D:8      | Reached **** piety under Nemelex Xobeh
  7373 | D:8      | Found Ukloibus's General Store.
  7381 | D:8      | Bought a scroll of magic mapping for 49 gold pieces
  7745 | D:9      | Found a roughly hewn altar of Beogh.
  7745 | D:9      | Found a staircase to the Orcish Mines.
  7884 | D:9      | Received a gift from Nemelex Xobeh
  7889 | D:9      | Reached skill level 14 in Unarmed Combat
  8459 | D:9      | Received a gift from Nemelex Xobeh
  8467 | D:9      | Reached skill level 5 in Fighting
  8593 | D:9      | Received a gift from Nemelex Xobeh
  8600 | D:9      | Reached ***** piety under Nemelex Xobeh
  9184 | D:10     | Entered Level 10 of the Dungeon
  9222 | D:10     | Noticed Nergalle
  9233 | D:10     | Noticed a hill giant
  9235 | D:10     | Killed Nergalle
  9247 | D:10     | Killed a hill giant
  9247 | D:10     | Reached XP level 11. HP: 44/88 MP: 16/16
  9455 | D:10     | Noticed Psyche
  9461 | D:10     | Killed Psyche
  9580 | D:10     | Found a staircase to the Lair.
  9591 | D:10     | Received a gift from Nemelex Xobeh
  9903 | D:10     | Noticed Urug
  9904 | D:10     | Found Xod Valibrit's Book Shop.
  9918 | D:10     | HP: 4/89 [Urug/silver javelin (1)]
  9925 | D:10     | Noticed Urug
  9925 | D:10     | Urug changed into Urug the swamp dragon
  9927 | D:10     | Killed Urug the swamp dragon
 10291 | D:10     | Identified a scroll of acquirement
 10417 | D:8      | Bought the ring of Joehybbong {rC+ Int+4} for 565 gold pieces
 10799 | D:11     | Noticed a cyan ugly thing
 10839 | Lair:1   | Entered Level 1 of the Lair of Beasts
 11204 | Lair:1   | Received a gift from Nemelex Xobeh
 11899 | Lair:1   | Received a gift from Nemelex Xobeh
 11942 | Lair:1   | Reached skill level 15 in Unarmed Combat
 13062 | Lair:2   | Received a gift from Nemelex Xobeh
 13062 | Lair:2   | Received a gift from Nemelex Xobeh
 13090 | Lair:2   | Noticed an eight-headed hydra
 13102 | Lair:2   | Killed an eight-headed hydra
 14538 | Lair:3   | Noticed an eight-headed hydra
 14548 | Lair:3   | Killed an eight-headed hydra
 14790 | Lair:3   | Reached XP level 12. HP: 97/104 MP: 18/18
 15328 | Lair:3   | Slain by a porcupine

Vault maps used:
D:1:      saegor_arrival_miasma, corexii_corridor_pit, st_stairs_5,
          minmay_misc_feat_room, minmay_tree_intersection,
          minmay_misc_feat_diagonals
D:2:      grunt_temple_overflow_opulence, uniq_natasha, uniq_iyjb, uniq_robin,
          uniq_sigmund, uniq_terence
D:3:      portal_sewer_entry_f, nemelex_xobeh_ov_fountains_minmay,
          uniq_crazy_yiuf_cottage
D:4:      bloody_makhleb, first_bread
D:5:      patterned_corridor, uniq_eustachio
D:6:      kennysheep_okawaru_gauntlet
D:7:      kennysheep_mini, lemuel_mausoleum_altar_yredelemnul, basic_altar
D:8:      cheibrodos_frozen_isle, kennysheep_mini_moat, serial_shops,
          shop_fountains, special_room, the_bakery, mrwooster_statue_mirror,
          hangedman_misty_isle
D:9:      david_orc_5
D:10:     lair_0_dummy, serial_shops, shop, uniq_nergalle, uniq_psyche,
          uniq_urug
D:11:     enter_trove_6, nrook_loot_triangle
Lair:1:   serial_bayou_pond_d, serial_bayou_shore_a, grunt_megastairs_3
Lair:2:   grunt_megastairs_4, serial_bayou_shore_b, lemuel_fruit_tree
Lair:3:   regret_index_bee_streams, elwin_shoals_entry_rooms, ldierk_geyser,
          forest_entry_grove
Sewer:    sewer_co_tree

Skill      XL: |  1  2  3  4  5  6  7  8  9 10 11 |
---------------+----------------------------------+-----
Unarmed Combat | 4 5 6 7 8 10 12 14 15 | 15.7
Invocations    | 1 4 7 9 |  9.0
Fighting       | 5 9 |  9.6
Dodging        | |  2.6
Stealth        | |  1.7

Action                   |  1- 3 |  4- 6 |  7- 9 | 10-12 || total
-------------------------+-------+-------+-------+-------++-------
Melee: Unarmed           |   128 |   350 |   477 |   510 ||  1465
       Tailslap          |    19 |    43 |    77 |    66 ||   205
       Punch             |     1 |     9 |    26 |    48 ||    84
 Abil: Spit Acid         |       |       |     8 |    27 ||    35
       Fly               |       |       |     1 |       ||     1
       Evoke Invisibilit |       |       |       |     1 ||     1
Evoke: Deck              |       |       |    12 |    37 ||    49
       Wand              |       |       |       |     9 ||     9
  Use: Scroll            |       |     7 |    12 |     2 ||    21
       Potion            |       |       |     2 |     7 ||     9
 Stab: Sleeping          |     9 |     4 |     8 |     4 ||    25
       Distracted        |       |       |     1 |     3 ||     4
       Petrifying        |       |       |       |     1 ||     1
       Petrified         |       |       |       |     1 ||     1
  Eat: Chunk             |     1 |     7 |     5 |    21 ||    34
       Bread ration      |       |       |     2 |     3 ||     5
Armor: Skin              |    48 |    91 |   144 |   178 ||   461
Dodge: Dodged            |    87 |   166 |   232 |   311 ||   796
